[Event "Titled Tuesday Blitz March 08 Late 2022"]
[White "Khabinets, Ivan"]
[Black "Bryakin, Mikhail"]
[WhiteFideId "14115980"]
[BlackFideId "4165314"]
[WhiteElo "2114"]
[BlackElo "2417"]
[Result "0-1"]
[Round "07"]
[TimeControl "180+1"]
[Date "2022.03.09"]
[WhiteClock "0:00:29"]
[BlackClock "0:01:54"]

1. Nf3 Nf6 2. g3 g6 3. Bg2 Bg7 4. c4 O-O 5. d4 d6 6. O-O Nc6 7. b3 a6 8. Bb2 Bd7 9. d5 Na5 10. Nbd2 b5 11. Rc1 c5 12. Re1 bxc4 13. Nxc4 Nxc4 14. Rxc4 Bb5 15. Rc2 a5 16. a4 Ba6 17. Nd2 Qb6 18. e4 Nd7 19. Bf1 Bxb2 20. Rxb2 Rab8 21. Bxa6 Qxa6 22. Nc4 Nb6 23. Nxb6 Rxb6 24. e5 c4 25. Re3 Rfb8 26. Qf3 Qb7 27. exd6 exd6 28. Qf6 Qxd5 29. bxc4 Qd1+ 30. Kg2 Rxb2 31. Re7 Rxf2+ 32. Qxf2 Rf8 33. Qf6 Qxa4 34. Rc7 Qc2+ 35. Kg1 Qd1+ 36. Kg2 a4 37. Ra7 Qe2+ 38. Kg1 Qxc4 39. Qxd6 Re8 40. Re7 Rc8 41. Rd7 Qc1+ 42. Kg2 Qc2+ 43. Kh3 Qf5+ 44. g4 Rc3+ 45. Kh4 Qf2+ 46. Kg5 h6+ 47. Kxh6 Qh4# 0-1


[Site "https://www.chess.com"]

[Event "Titled Tuesday Blitz March 08 Late 2022"]
[White "Koellner, Ruben Gideon"]
[Black "Martinez Alcantara, Jose Eduardo"]
[WhiteFideId "12993093"]
[BlackFideId "3805662"]
[WhiteElo "2442"]
[BlackElo "2690"]
[Result "1-0"]
[Round "07"]
[TimeControl "180+1"]
[Date "2022.03.08"]
[WhiteClock "0:00:33"]
[BlackClock "0:00:50"]

1. d4 Nf6 2. Bg5 d5 3. e3 e6 4. Nd2 Be7 5. Bd3 c5 6. c3 Nfd7 7. Bxe7 Qxe7 8. f4 Nc6 9. Ngf3 f5 10. Ne5 Ndxe5 11. fxe5 Bd7 12. O-O O-O 13. Qh5 g6 14. Qh3 c4 15. Bc2 b5 16. a3 a5 17. g4 Qg5 18. Rf4 h5 19. Nf3 hxg4 20. Nxg5 gxh3 21. Rh4 Nd8 22. Kf2 Nf7 23. Nh7 Kg7 24. Nxf8 Rxf8 25. Rxh3 Rb8 26. Rg3 Be8 27. h4 Nh6 28. Bd1 Kh7 29. Ke1 Bf7 30. Kd2 Rb7 31. b3 cxb3 32. Bxb3 Ng4 33. Rg2 Rc7 34. Bd1 Nh6 35. Be2 Be8 36. Rb1 Rb7 37. a4 b4 38. cxb4 axb4 39. a5 Rb8 40. a6 b3 41. Rgg1 f4 42. Bd3 fxe3+ 43. Kxe3 Nf5+ 44. Bxf5 gxf5 45. Rgc1 Ra8 46. Rc7+ Kh6 47. a7 Ba4 48. Rbc1 b2 49. Rb1 f4+ 50. Kxf4 Rf8+ 51. Ke3 Rg8 52. Rxb2 Rg3+ 53. Kf4 Rd3 54. a8=Q Rxd4+ 55. Kg3 Rd3+ 56. Kf2 Bc6 57. Qh8+ Kg6 58. Qf6+ 1-0


[Site "https://www.chess.com"]

[Event "Titled Tuesday Blitz March 08 Late 2022"]
[White "Kostiukov, Alexandr"]
[Black "Kovanova, Baira"]
[WhiteFideId "14108100"]
[BlackFideId "4164083"]
[WhiteElo "2202"]
[BlackElo "2190"]
[Result "0-1"]
[Round "07"]
[TimeControl "180+1"]
[Date "2022.03.09"]
[WhiteClock "0:01:17"]
[BlackClock "0:02:26"]

1. g3 e5 2. c4 Nc6 3. Bg2 d6 4. Nf3 g6 5. O-O Bg7 6. Nc3 Nge7 7. a3 Be6 8. d3 h6 9. Rb1 Qd7 10. b4 O-O 11. b5 Nd8 12. Ne1 Bh3 13. Nc2 Bxg2 14. Kxg2 Ne6 15. Nb4 c6 16. Bd2 f5 17. a4 f4 18. a5 Ng5 19. Ne4 Qh3+ 20. Kg1 f3 0-1


[Site "https://www.chess.com"]

[Event "Titled Tuesday Blitz March 08 Late 2022"]
[White "Koutlas, Nikolaos"]
[Black "Gadimbayli, Abdulla"]
[WhiteFideId "25827138"]
[BlackFideId "13404938"]
[WhiteElo "1610"]
[BlackElo "2311"]
[Result "1-0"]
[Round "07"]
[TimeControl "180+1"]
[Date "2022.03.08"]
[WhiteClock "0:00:07"]
[BlackClock "0:00:06"]

1. e4 c5 2. Nf3 d6 3. Nc3 Nf6 4. d4 cxd4 5. Nxd4 a6 6. Be3 e5 7. Nb3 Be7 8. h3 Be6 9. Qf3 Nc6 10. O-O-O Rc8 11. g4 h6 12. Rg1 Nd7 13. Kb1 Qc7 14. Nd5 Bxd5 15. exd5 Nd4 16. Bxd4 Qxc2+ 17. Ka1 exd4 18. Bd3 Ne5 19. Bxc2 Nxf3 20. Rg3 Rxc2 21. Rxf3 Bf6 22. Kb1 d3 23. Rd2 Rc7 24. Rfxd3 Kd7 25. Rc2 Re8 26. Rxc7+ Kxc7 27. Re3 Rc8 28. Nd2 Bg5 29. Rc3+ Kd7 30. Rxc8 Kxc8 31. Ne4 Bf4 32. Kc2 Kd7 33. Kd3 Ke7 34. a4 g6 35. Kc4 f5 36. gxf5 gxf5 37. Nc3 Be5 38. b4 Bxc3 39. Kxc3 Kf6 40. Kd4 Kg5 41. Ke3 Kh4 42. Kf4 Kxh3 43. Kxf5 Kg2 44. f4 Kg3 45. Ke6 Kxf4 46. Kxd6 h5 47. Kc7 h4 48. d6 h3 49. d7 h2 50. d8=Q h1=Q 51. Qd6+ Kf5 52. Qc5+ Kf4 53. Qd4+ Kf5 54. Qc5+ Kf4 55. Qb6 Qa1 56. a5 Qg7+ 57. Kb8 Ke5 58. Qc7+ 1-0


[Site "https://www.chess.com"]

[Event "Titled Tuesday Blitz March 08 Late 2022"]
[White "Kozina, Anastasia"]
[Black "Martins, Carlos"]
[WhiteFideId "24174017"]
[BlackFideId "2101688"]
[WhiteElo "1993"]
[BlackElo "2183"]
[Result "0-1"]
[Round "07"]
[TimeControl "180+1"]
[Date "2022.03.09"]
[WhiteClock "0:00:14"]
[BlackClock "0:00:15"]

1. e4 c5 2. Nc3 a6 3. g3 b5 4. Bg2 Bb7 5. d3 e6 6. f4 d5 7. exd5 exd5 8. Nf3 Nf6 9. O-O Be7 10. Kh1 d4 11. Ne2 O-O 12. c3 dxc3 13. bxc3 Nbd7 14. d4 Re8 15. Bb2 Nb6 16. dxc5 Bxc5 17. Ned4 Nc4 18. Bc1 Nd5 19. Qd3 Nde3 20. Bxe3 Nxe3 21. Rf2 Nxg2 22. Kxg2 Qd5 23. Kg1 Rad8 24. Rd1 h6 25. Qc2 Qc4 26. Ne5 Qd5 27. Nef3 Bxd4 28. cxd4 Re3 29. Rdf1 Rc8 30. Qd2 Rcc3 31. Kg2 Qe4 32. Qd1 Bd5 33. a4 bxa4 34. f5 Qxf5 35. h3 a3 36. g4 Qf4 37. Kg1 Rxf3 38. Rxf3 Rxf3 39. Rxf3 Qxf3 40. Qa4 Qg2# 0-1


[Site "https://www.chess.com"]

[Event "Titled Tuesday Blitz March 08 Late 2022"]
[White "Ladan, Nicholas"]
[Black "Calcada, Lucas Galvan"]
[WhiteFideId "30918855"]
[BlackFideId "22746099"]
[WhiteElo "2167"]
[BlackElo "1402"]
[Result "1-0"]
[Round "07"]
[TimeControl "180+1"]
[Date "2022.03.09"]
[WhiteClock "0:01:09"]
[BlackClock "0:01:21"]

1. e3 c5 2. Nc3 Nc6 3. b3 d5 4. Bb2 Nf6 5. g3 e5 6. Bg2 Be7 7. Nge2 O-O 8. O-O d4 9. Ne4 Nxe4 10. Bxe4 f5 11. Bg2 e4 12. d3 exd3 13. Qxd3 Bf6 14. exd4 Nxd4 15. Nxd4 Bxd4 16. Bxd4 cxd4 17. Rad1 Qc7 18. Bd5+ Kh8 19. Qxd4 Qxc2 20. Rc1 Qe2 21. Rc7 Qg4 22. Qc5 Re8 23. Re7 Rd8 24. Qd6 Rf8 25. Re4 1-0


[Site "https://www.chess.com"]

[Event "Titled Tuesday Blitz March 08 Late 2022"]
[White "Li, Ben"]
[Black "Xiong, Jeffery"]
[WhiteFideId "2089980"]
[BlackFideId "2047640"]
[WhiteElo "2267"]
[BlackElo "2727"]
[Result "0-1"]
[Round "07"]
[TimeControl "180+1"]
[Date "2022.03.08"]
[WhiteClock "0:00:05"]
[BlackClock "0:00:06"]

1. d4 d5 2. Nf3 Nf6 3. c4 e6 4. Nc3 c6 5. e3 Nbd7 6. Bd3 dxc4 7. Bxc4 b5 8. Bd3 Bb7 9. O-O b4 10. Ne4 c5 11. Nxf6+ gxf6 12. Qe2 a6 13. Rd1 Qb6 14. b3 cxd4 15. exd4 Bd6 16. Be3 Bd5 17. Nd2 Qb7 18. g3 h5 19. Bc4 h4 20. Bxd5 Qxd5 21. Nf1 hxg3 22. fxg3 Nb6 23. Rac1 Kd7 24. Qf2 Be7 25. Bf4 Rhc8 26. Ne3 Qe4 27. Qg2 Qxg2+ 28. Kxg2 a5 29. Kf3 a4 30. h4 axb3 31. axb3 Ra3 32. Rxc8 Nxc8 33. Rb1 Na7 34. Nc4 Ra2 35. h5 Nb5 36. Rd1 Ke8 37. h6 Kf8 38. Rh1 Kg8 39. h7+ Kh8 40. Bh6 Ra8 41. Be3 Rd8 42. Ke4 f5+ 43. Kf3 f6 44. Re1 Kxh7 45. Bf2 Nc7 46. Ra1 Kg6 47. Ra7 Nd5 48. Be3 Rh8 49. Bd2 Rh2 50. Ne3 Rxd2 51. Nxd5 exd5 52. Rxe7 Rxd4 53. Rd7 Rd3+ 54. Kf4 Rd4+ 55. Kf3 Rd3+ 56. Kf4 Rxb3 57. Rxd5 Rb1 58. Rb5 b3 59. Kf3 Kg5 60. Rb4 Kg6 61. Rb7 Kh6 62. Rb6 Kg5 63. Rb4 Kg6 64. Rb6 Rb2 65. Rb8 Kf7 66. Rb7+ Ke6 67. Rb8 Rb1 68. Kg2 Kd5 69. Rd8+ Kc4 70. Rc8+ Kd3 71. Rd8+ Kc2 72. Rf8 Rd1 73. Rxf6 Rd5 74. Rc6+ Kd3 75. Rb6 Kc3 76. Kf3 b2 77. Kf4 Rd4+ 78. Kxf5 Rb4 79. Rc6+ Kb3 0-1


[Site "https://www.chess.com"]

[Event "Titled Tuesday Blitz March 08 Late 2022"]
[White "Lopez Del Alamo, Antonio"]
[Black "Hollan, Martin"]
[WhiteFideId "2227339"]
[BlackFideId "360937"]
[WhiteElo "2082"]
[BlackElo "2468"]
[Result "1/2-1/2"]
[Round "07"]
[TimeControl "180+1"]
[Date "2022.03.09"]
[WhiteClock "0:00:59"]
[BlackClock "0:00:31"]

1. e4 c5 2. Nf3 Nc6 3. Bb5 Nd4 4. Nxd4 cxd4 5. O-O g6 6. c3 Bg7 7. Na3 a6 8. Bd3 b5 9. Nc2 dxc3 10. dxc3 Bb7 11. Qe2 e6 12. f4 Ne7 13. f5 Be5 14. Ne3 Nc6 15. Ng4 h5 16. Nxe5 Nxe5 17. Bf4 Qb6+ 18. Be3 Qc6 19. Bd4 d6 20. fxe6 fxe6 21. Rf6 O-O-O 22. Rxe6 Rhe8 23. Rxe8 Rxe8 24. Bc2 Nc4 25. Re1 Nxb2 26. Bb3 Nc4 27. Bxc4 Qxc4 28. Qxc4+ bxc4 29. e5 Kd7 30. Re3 dxe5 31. Rxe5 Rxe5 32. Bxe5 Ke6 33. Bd4 Kf5 34. Kf2 Ke4 35. Ke2 Bc8 36. a4 Bg4+ 37. Kd2 Bd7 38. a5 Bc6 39. Ke2 Ba4 40. g3 Bc2 41. h4 Bd3+ 42. Kf2 Bc2 43. Bc5 Ba4 44. Bb4 Bd7 45. Kg2 Bg4 46. Kf2 Kd3 47. Kg2 Ke2 48. Kh2 Bf3 49. Bc5 Be4 50. Bb4 Kf1 51. Bc5 Bf3 52. Bb4 Ke2 53. Bc5 Kd1 54. Bb4 Kd2 55. Kg1 Kd3 56. Kh2 Kc2 57. Kg1 Kb3 58. Kf2 Bg4 59. Ke3 Bf5 60. Kf4 Ka4 61. Kf3 Kb5 1/2-1/2


[Site "https://www.chess.com"]

[Event "Titled Tuesday Blitz March 08 Late 2022"]
[White "Maghsoodloo, Parham"]
[Black "Salimova, Nurgyul"]
[WhiteFideId "12539929"]
[BlackFideId "2915138"]
[WhiteElo "2630"]
[BlackElo "2185"]
[Result "1-0"]
[Round "07"]
[TimeControl "180+1"]
[Date "2022.03.08"]
[WhiteClock "0:00:45"]
[BlackClock "0:00:02"]

1. e4 c6 2. Nc3 d5 3. Nf3 dxe4 4. Nxe4 Nf6 5. Nxf6+ exf6 6. Bc4 Bd6 7. Qe2+ Qe7 8. Qxe7+ Kxe7 9. O-O Rd8 10. Re1+ Kf8 11. h3 Nd7 12. d4 Nb6 13. Bb3 a5 14. a4 Re8 15. Bd2 Be6 16. Bxe6 fxe6 17. b3 Kf7 18. c4 Bc7 19. Bc3 Nc8 20. Re2 Nd6 21. Rae1 b5 22. c5 Nf5 23. g4 Nh6 24. Kg2 b4 25. Bd2 Ng8 26. h4 Rad8 27. h5 Rd5 28. Kh3 g6 29. hxg6+ hxg6 30. Kg2 g5 31. Rh1 Kg6 32. Rh5 Nh6 33. Kh3 Nxg4 34. Rxg5+ fxg5 35. Kxg4 Rf5 36. Nxg5 e5 37. Nf3 Rff8 38. dxe5 Re6 39. Bf4 Rfe8 40. Nd4 R6e7 41. Nxc6 Rg7 42. Kf3 Kf7 43. Nd4 1-0


[Site "https://www.chess.com"]

[Event "Titled Tuesday Blitz March 08 Late 2022"]
[White "Manukyan, Sargis A."]
[Black "Cardoso Cardoso, Jose Gabriel"]
[WhiteFideId "13303970"]
[BlackFideId "4430492"]
[WhiteElo "2187"]
[BlackElo "2451"]
[Result "0-1"]
[Round "07"]
[TimeControl "180+1"]
[Date "2022.03.08"]
[WhiteClock "0:00:05"]
[BlackClock "0:00:04"]

1. d4 Nf6 2. c4 g6 3. Nc3 Bg7 4. Nf3 d6 5. h3 O-O 6. Bf4 Nc6 7. e3 Nh5 8. Bh2 e5 9. dxe5 Nxe5 10. Nxe5 dxe5 11. Qxd8 Rxd8 12. g4 Nf6 13. Bxe5 Be6 14. Bxc7 Rdc8 15. Be5 Bxc4 16. Bxc4 Rxc4 17. Ke2 Re8 18. f4 Ne4 19. Bxg7 Kxg7 20. Kd3 Rb4 21. Nxe4 Rbxe4 22. Rhe1 Rb4 23. b3 Rd8+ 24. Ke2 Kf6 25. Red1 Ke7 26. Rxd8 Kxd8 27. Rd1+ Ke7 28. Rd5 Rb6 29. Kd3 Rc6 30. Kd2 a6 31. h4 Rc7 32. h5 Rc6 33. h6 Rc7 34. g5 Rc6 35. a4 Rb6 36. Kc3 Rc6+ 37. Kd3 Rb6 38. Kc4 Rc6+ 39. Rc5 Re6 40. Re5 Rxe5 41. fxe5 Ke6 42. Kc5 Kxe5 43. Kb6 f6 44. gxf6 Kxf6 45. Kxb7 a5 46. Kc6 g5 47. Kd5 g4 48. Ke4 Kg5 49. Kd3 Kxh6 50. b4 g3 51. Ke2 axb4 52. a5 b3 53. a6 g2 54. a7 g1=Q 55. a8=Q Qh2+ 56. Kd3 Qc2+ 57. Kd4 b2 58. Qh1+ Kg7 59. Qg1+ Kh8 60. Qf1 Kg8 61. Qg1+ Kf8 62. Qf1+ Ke7 63. Qh1 b1=Q 64. Qh4+ Kd7 65. Qg4+ Qf5 66. Qg7+ Kc6 67. Qh6+ Qg6 68. Qf4 Qb4+ 69. Ke5 Qbd6# 0-1


[Site "https://www.chess.com"]

[Event "Titled Tuesday Blitz March 08 Late 2022"]
[White "Martin Duque, Jesus"]
[Black "Makarian, Rudik"]
[WhiteFideId "2208954"]
[BlackFideId "44105681"]
[WhiteElo "2243"]
[BlackElo "2388"]
[Result "0-1"]
[Round "07"]
[TimeControl "180+1"]
[Date "2022.03.08"]
[WhiteClock "0:00:28"]
[BlackClock "0:01:04"]

1. Nf3 Nf6 2. b3 a5 3. Bb2 a4 4. e3 e6 5. c4 b6 6. bxa4 Bb7 7. Be2 Be7 8. O-O O-O 9. Nc3 Ne4 10. Qc2 Nxc3 11. Bxc3 Nc6 12. d4 Na5 13. Nd2 Ra7 14. Rab1 Qa8 15. f3 Nc6 16. d5 Nd8 17. a5 exd5 18. axb6 cxb6 19. Rxb6 Bc5 20. Rb2 Bxe3+ 21. Kh1 d4 22. Bb4 Re8 23. Qf5 Ne6 24. a3 Bc6 25. Bd3 g6 26. Qf6 Rxa3 27. Bxa3 Qxa3 28. Rb3 Qa4 29. Bc2 Bxd2 30. Rb8 Rxb8 31. Bxa4 Bxa4 32. f4 Bc2 33. Qe7 Bf5 34. Qxd7 Rd8 35. Qe7 d3 36. c5 Bb4 37. Rb1 d2 38. Rd1 Bc2 39. Qxd8+ Nxd8 0-1


[Site "https://www.chess.com"]

[Event "Titled Tuesday Blitz March 08 Late 2022"]
[White "Martirosyan, Haik M."]
[Black "Van Foreest, Jorden"]
[WhiteFideId "13306553"]
[BlackFideId "1039784"]
[WhiteElo "2735"]
[BlackElo "2609"]
[Result "1-0"]
[Round "07"]
[TimeControl "180+1"]
[Date "2022.03.08"]
[WhiteClock "0:00:36"]
[BlackClock "0:00:21"]

1. d4 Nf6 2. Bg5 d5 3. Bxf6 gxf6 4. c4 dxc4 5. e3 c5 6. Bxc4 Nc6 7. Nf3 Bg7 8. Nc3 O-O 9. d5 Na5 10. Be2 f5 11. O-O a6 12. a4 Bd7 13. d6 e6 14. Qc2 Nc6 15. Rad1 Nb4 16. Qb1 Bc6 17. e4 Bxc3 18. bxc3 fxe4 19. Ne5 Nd5 20. Qxe4 Nxc3 21. Qg4+ Kh8 22. Rd3 Qf6 23. Qh5 Rg8 24. Rg3 Nxe2+ 25. Qxe2 Rad8 26. Rd1 Bd5 27. d7 Rxg3 28. fxg3 Qg7 29. Qh5 Kg8 30. Nxf7 Rxd7 31. Nh6+ Kf8 32. Rf1+ Ke7 33. Rf7+ Qxf7 34. Qxf7+ Kd6 35. Qf8+ Kc6 36. Ng4 1-0


[Site "https://www.chess.com"]

[Event "Titled Tuesday Blitz March 08 Late 2022"]
[White "Mekhitarian, Krikor Sevag"]
[Black "Przybylski, Wojciech"]
[WhiteFideId "2107660"]
[BlackFideId "1117599"]
[WhiteElo "2598"]
[BlackElo "2133"]
[Result "1-0"]
[Round "07"]
[TimeControl "180+1"]
[Date "2022.03.09"]
[WhiteClock "0:00:42"]
[BlackClock "0:00:04"]

1. e4 e5 2. Nf3 Nf6 3. Nxe5 d6 4. Nf3 Nxe4 5. d4 d5 6. Bd3 Bd6 7. O-O O-O 8. c4 c6 9. Nc3 Nxc3 10. bxc3 Bg4 11. h3 Bh5 12. cxd5 cxd5 13. Rb1 Nd7 14. Re1 Nb6 15. g4 Bg6 16. Ne5 Bxd3 17. Qxd3 f6 18. Nf3 Re8 19. Bd2 Qd7 20. Nh4 Rxe1+ 21. Rxe1 Re8 22. Rxe8+ Qxe8 23. Nf5 Bf8 24. Kg2 Nc4 25. Ne3 Nb6 26. Qf5 Qc6 27. g5 Be7 28. g6 hxg6 29. Qxg6 Bf8 30. Nf5 Qe6 31. Nh6+ Kh8 32. Nf7+ Kg8 33. Ng5 Qg4+ 34. hxg4 1-0


[Site "https://www.chess.com"]

[Event "Titled Tuesday Blitz March 08 Late 2022"]
[White "Mickiewicz, Piotr"]
[Black "Cori T., Deysi"]
[WhiteFideId "1114891"]
[BlackFideId "3801934"]
[WhiteElo "2266"]
[BlackElo "2341"]
[Result "0-1"]
[Round "07"]
[TimeControl "180+1"]
[Date "2022.03.09"]
[WhiteClock "0:00:09"]
[BlackClock "0:01:14"]

1. Nf3 d5 2. b3 Nf6 3. Bb2 g6 4. e3 Bg7 5. Be2 O-O 6. O-O c5 7. c4 Nc6 8. d3 dxc4 9. bxc4 Bf5 10. Qb3 Qc7 11. Nc3 Rfd8 12. Rfd1 a6 13. Rab1 Rab8 14. Nd5 Nxd5 15. cxd5 Na5 16. Qc2 Bxb2 17. Rxb2 b5 18. e4 Bg4 19. Rc1 Rbc8 20. a4 Bd7 21. d4 c4 22. Ne5 Be8 23. axb5 axb5 24. Qd2 c3 25. Qe1 Qb6 26. Rxc3 Qxd4 27. Rxc8 Rxc8 28. Rb1 Qxe5 29. Qxa5 Qxe4 30. Re1 Qxd5 31. Bg4 e6 32. Qb4 Qc4 33. Qe7 Qxg4 34. h3 Qf5 35. Rd1 Kg7 36. Ra1 Qf6 37. Qb7 Qxa1+ 38. Kh2 Qe5+ 0-1


[Site "https://www.chess.com"]

[Event "Titled Tuesday Blitz March 08 Late 2022"]
[White "Mikhalsky, Vladimir"]
[Black "Shuvalova, Polina"]
[WhiteFideId "14144352"]
[BlackFideId "24171760"]
[WhiteElo "2301"]
[BlackElo "2355"]
[Result "0-1"]
[Round "07"]
[TimeControl "180+1"]
[Date "2022.03.09"]
[WhiteClock "0:00:01"]
[BlackClock "0:01:09"]

1. c4 e6 2. g3 d5 3. Bg2 Nf6 4. Nf3 Be7 5. O-O O-O 6. b3 b6 7. Bb2 Bb7 8. d3 c5 9. Ne5 Nc6 10. Nd2 Qc7 11. Nxc6 Bxc6 12. e3 Qb7 13. d4 Rfd8 14. cxd5 Bxd5 15. Bxd5 Rxd5 16. Qf3 Rad8 17. Nc4 cxd4 18. Bxd4 b5 19. Na5 Qc7 20. b4 Bxb4 21. Nb3 e5 22. Bb2 a6 23. Rac1 Qd7 24. a3 Be7 25. Na5 Rc8 26. e4 Rxc1 27. Rxc1 Rd3 28. Qf5 Qxf5 29. exf5 h6 30. Bxe5 Bxa3 31. Rc8+ Kh7 32. Rc6 Ng4 33. Bf4 Bb4 34. Rxa6 Ra3 35. Bc7 Ra1+ 36. Kg2 Ra2 37. Bb6 Ne5 38. Kh3 Nc4 39. Nxc4 Rxa6 0-1


[Site "https://www.chess.com"]

[Event "Titled Tuesday Blitz March 08 Late 2022"]
[White "Mkrtchyan, Mariam"]
[Black "Antonova, Nadezhda"]
[WhiteFideId "13310828"]
[BlackFideId "14700182"]
[WhiteElo "1984"]
[BlackElo "1751"]
[Result "1-0"]
[Round "07"]
[TimeControl "180+1"]
[Date "2022.03.09"]
[WhiteClock "0:00:12"]
[BlackClock "0:00:01"]

1. Nf3 Nf6 2. g3 g6 3. Bg2 Bg7 4. O-O O-O 5. c4 d6 6. d4 Nc6 7. Nc3 a6 8. Bf4 Nh5 9. Be3 Nf6 10. h3 Rb8 11. Rc1 Re8 12. b3 e5 13. d5 Ne7 14. Nd2 Nf5 15. Kh2 Bd7 16. b4 Nxe3 17. fxe3 b6 18. e4 Rf8 19. Nb3 Ne8 20. c5 f5 21. Qd3 Bh6 22. e3 Qg5 23. Rce1 f4 24. exf4 exf4 25. c6 fxg3+ 26. Qxg3 Qxg3+ 27. Kxg3 Bc8 28. a4 Bg7 29. Ne2 Be5+ 30. Kh4 Ng7 31. Rxf8+ Kxf8 32. Rf1+ Kg8 33. Nf4 Bf6+ 34. Kg3 Be5 35. Kf3 g5 36. Nd3 Bf6 37. Ke3 Bd8 38. Nd4 h5 39. Bf3 g4 40. hxg4 Bxg4 41. Bxg4 hxg4 42. Rg1 Bg5+ 43. Ke2 Re8 44. Rxg4 Bf6 45. Nf3 Kf7 46. Kd2 Nh5 47. Nf2 Be5 48. Ng5+ Kf8 49. Ne6+ Kf7 50. Nxc7 Re7 51. Ne6 Nf6 52. Nd3 Nxg4 53. c7 Re8 54. Nd8+ Rxd8 55. cxd8=Q Bf6 56. Qd7+ Kg6 57. Qxg4+ 1-0


[Site "https://www.chess.com"]

[Event "Titled Tuesday Blitz March 08 Late 2022"]
[White "Mogranzini, Roberto"]
[Black "Kujawski, Adam"]
[WhiteFideId "810894"]
[BlackFideId "1100920"]
[WhiteElo "2469"]
[BlackElo "2053"]
[Result "1-0"]
[Round "07"]
[TimeControl "180+1"]
[Date "2022.03.09"]
[WhiteClock "0:01:23"]
[BlackClock "0:00:03"]

1. e4 e5 2. Nf3 Nc6 3. Bb5 a6 4. Ba4 Nf6 5. Qe2 b5 6. Bb3 Bc5 7. c3 O-O 8. O-O Re8 9. d3 h6 10. Be3 Bxe3 11. fxe3 d6 12. Nbd2 Be6 13. h3 Bxb3 14. axb3 a5 15. Nh4 Nxe4 16. dxe4 Qxh4 17. Qxb5 Ne7 18. Rxa5 c6 19. Rxa8 Rxa8 20. Qc4 d5 21. exd5 Qxc4 22. Nxc4 Nxd5 23. e4 Nf6 24. Nxe5 Nxe4 25. Nxc6 Ra2 26. Re1 Nd2 27. Re8+ Kh7 28. b4 Rxb2 29. Nd4 Nc4 30. b5 g6 31. g4 Kg7 32. Re2 Kf6 33. Rxb2 Nxb2 34. b6 1-0


[Site "https://www.chess.com"]

[Event "Titled Tuesday Blitz March 08 Late 2022"]
[White "Moksh Amit Doshi"]
[Black "Ronka, Erik"]
[WhiteFideId "25064967"]
[BlackFideId "505080"]
[WhiteElo "2245"]
[BlackElo "2264"]
[Result "1-0"]
[Round "07"]
[TimeControl "180+1"]
[Date "2022.03.08"]
[WhiteClock "0:00:27"]
[BlackClock "0:00:01"]

1. e4 Nf6 2. e5 Nd5 3. d4 d6 4. Nf3 dxe5 5. Nxe5 c6 6. Be2 Nd7 7. Nf3 e6 8. O-O Be7 9. c4 N5f6 10. Nc3 O-O 11. Bf4 b6 12. Qc2 Bb7 13. Rad1 Re8 14. h3 c5 15. dxc5 Bxc5 16. Ne5 Qc8 17. Nb5 Nxe5 18. Bxe5 Nd7 19. Bg3 e5 20. Bg4 Qc6 21. Bf3 e4 22. Bg4 Ne5 23. Bxe5 Rxe5 24. Nd4 Qg6 25. Nb3 h5 26. Nxc5 Rxc5 27. Bd7 Rg5 28. g3 Qf6 29. h4 Re5 30. Qc3 Rd8 31. Bh3 Rxd1 32. Rxd1 g6 33. Qe3 Qe7 34. b3 Kg7 35. Rd7 Qf6 36. Rxb7 Ra5 37. Qxe4 Rxa2 38. Qf4 Ra1+ 39. Kh2 Qc6 40. Qxf7+ Kh6 41. Qh7# 1-0


[Site "https://www.chess.com"]

[Event "Titled Tuesday Blitz March 08 Late 2022"]
[White "Morris-Suzuki, Sophie"]
[Black "Golubka, Petro"]
[WhiteFideId "30922615"]
[BlackFideId "14114224"]
[WhiteElo "2500"]
[BlackElo "2346"]
[Result "0-1"]
[Round "07"]
[TimeControl "180+1"]
[Date "2022.03.09"]
[WhiteClock "0:00:03"]
[BlackClock "0:00:47"]

1. e4 e5 2. Nf3 Nc6 3. Bc4 Nf6 4. d4 exd4 5. e5 d5 6. Bb5 Ne4 7. Nxd4 Bd7 8. Bxc6 bxc6 9. O-O Be7 10. f3 Nc5 11. f4 Ne4 12. f5 c5 13. Ne2 Bc6 14. Nf4 d4 15. Qg4 Rg8 16. f6 Bf8 17. e6 Qxf6 18. Nd5 Bxd5 19. Rxf6 Nxf6 20. exf7+ Kxf7 21. Qf5 Re8 22. Bg5 Re1+ 23. Kf2 Re5 24. Qc8 Rxg5 25. Qxc7+ Kg6 26. g3 Rf5+ 27. Kg1 h5 28. Nd2 h4 29. Rf1 Rxf1+ 30. Nxf1 hxg3 31. Nxg3 Rh8 32. Qf4 Be6 33. Qe5 Kf7 34. Nf5 Bxf5 35. Qxf5 Be7 36. Qe5 Rd8 37. Qc7 Rd7 38. Qf4 c4 39. Qf1 d3 0-1


[Site "https://www.chess.com"]

[Event "Titled Tuesday Blitz March 08 Late 2022"]
[White "Nayem, Haque"]
[Black "Mangialardo, Tiago Carvalho"]
[WhiteFideId "10217754"]
[BlackFideId "2130718"]
[WhiteElo "1982"]
[BlackElo "2088"]
[Result "1-0"]
[Round "07"]
[TimeControl "180+1"]
[Date "2022.03.09"]
[WhiteClock "0:00:08"]
[BlackClock "0:00:02"]

1. e4 e5 2. Nf3 Nc6 3. d4 exd4 4. Nxd4 Bc5 5. Nb3 Bb6 6. Nc3 Qf6 7. Qe2 Nge7 8. Nd5 Nxd5 9. exd5+ Ne7 10. c4 d6 11. Be3 O-O 12. O-O-O Bf5 13. g4 Be4 14. Bxb6 Bxh1 15. Bd4 Qg5+ 16. Kb1 Ng6 17. Be3 Qf6 18. f4 Nxf4 19. Qf2 Be4+ 20. Ka1 Ng6 21. Qd2 Rfe8 22. Nd4 Bf3 23. Rc1 Bxg4 24. Nb5 Qe7 25. Bd4 a6 26. Nc3 Qd7 27. b3 Qf5 28. Bd3 Qf3 29. Bb1 Ne5 30. Rg1 Bf5 31. Qg5 Bg6 32. h4 h6 33. Qd2 h5 34. Bxg6 Nxg6 35. Kb2 Qh3 36. Qg5 Qxh4 37. Qxh4 Nxh4 38. Rxg7+ Kf8 39. Rh7 Nf3 40. Bf6 Re2+ 41. Nxe2 Ke8 42. Rh8+ Kd7 43. Rxa8 Ne5 44. Rd8# 1-0


[Site "https://www.chess.com"]

[Event "Titled Tuesday Blitz March 08 Late 2022"]
[White "Oparin, Grigoriy"]
[Black "Kosakowski, Jakub"]
[WhiteFideId "24125890"]
[BlackFideId "1185080"]
[WhiteElo "2665"]
[BlackElo "2476"]
[Result "1/2-1/2"]
[Round "07"]
[TimeControl "180+1"]
[Date "2022.03.08"]
[WhiteClock "0:00:26"]
[BlackClock "0:00:04"]

1. e4 c5 2. Nc3 e6 3. Bc4 a6 4. d3 Nc6 5. a4 Nf6 6. Nge2 d5 7. Ba2 dxe4 8. Nxe4 Nxe4 9. dxe4 Qxd1+ 10. Kxd1 Be7 11. c3 b6 12. Bf4 Bb7 13. f3 O-O-O+ 14. Kc2 Bd6 15. Bg3 Rd7 16. Rad1 Rhd8 17. Bh4 Be7 18. Rxd7 Rxd7 19. Bg3 Na5 20. h4 Bc6 21. b3 Kb7 22. h5 c4 23. Nd4 cxb3+ 24. Bxb3 Nxb3 25. Kxb3 Bc5 26. Nxc6 Kxc6 27. Kc2 Be3 28. Be1 h6 29. Rf1 e5 30. g3 b5 31. a5 Kd6 32. f4 Ke6 33. Rf3 Bc5 34. Bd2 f5 35. exf5+ Kxf5 36. fxe5+ Kxe5 37. g4 Ke6 38. Rf5 Be7 39. Be3 Rd5 40. Rf1 b4 41. Bb6 bxc3 42. Kxc3 Bf6+ 43. Kc4 Rd2 44. Re1+ Kf7 45. Kc5 Rc2+ 46. Kd5 g6 47. Rf1 Kg7 48. Ke6 Re2+ 49. Kd5 gxh5 50. gxh5 Re5+ 51. Kc6 Rxh5 52. Kb7 Bc3 53. Kxa6 Rg5 54. Rf3 Bxa5 55. Bxa5 h5 56. Kb6 Rg4 57. Kc5 h4 58. Be1 Kg6 59. Kd5 Ra4 60. Ke5 Kh5 61. Kf5 Rc4 62. Bc3 Rc8 63. Be5 Rf8+ 64. Bf6 Ra8 65. Rf4 Ra5+ 66. Be5 h3 67. Rf3 Kh4 68. Rb3 Rxe5+ 69. Kxe5 h2 70. Rb8 Kg3 71. Rg8+ Kf2 72. Rh8 Kg2 73. Kf4 h1=Q 74. Rxh1 Kxh1 1/2-1/2


[Site "https://www.chess.com"]

[Event "Titled Tuesday Blitz March 08 Late 2022"]
[White "Osmonbekov, Talaibek"]
[Black "Dias, Joao Batista"]
[WhiteFideId "2017253"]
[BlackFideId "2108240"]
[WhiteElo "2135"]
[BlackElo "1898"]
[Result "1-0"]
[Round "07"]
[TimeControl "180+1"]
[Date "2022.03.09"]
[WhiteClock "0:01:10"]
[BlackClock "0:00:52"]

1. Nf3 Nf6 2. d4 d5 3. Nc3 c6 4. Bf4 e6 5. e3 Bd6 6. Bd3 Bxf4 7. exf4 Nbd7 8. O-O O-O 9. Ne5 g6 10. Re1 Qe7 11. Ne2 Qd6 12. c3 a5 13. a4 Kg7 14. h3 b6 15. g4 Ba6 16. Ng3 Bxd3 17. Qxd3 Ra7 18. g5 Ne8 19. f5 exf5 20. Qxf5 gxf5 21. Nxf5+ Kg8 22. Nxd6 Nxd6 23. Nxc6 Rc7 24. Ne7+ Kg7 25. Nxd5 Rc6 26. Re7 Nb8 27. Rae1 Nf5 28. Rb7 Nd7 29. Nf4 h6 30. Rxd7 hxg5 31. Ne6+ Rxe6 32. Rxe6 Nh4 33. Rxb6 Re8 34. Kf1 Nf3 35. Rbb7 Re1+ 36. Kg2 Nh4+ 37. Kh2 Nf3+ 38. Kg3 Nh4 39. Rxf7+ Kg6 40. Rg7+ Kh6 41. Rh7+ Kg6 42. Rxh4 gxh4+ 43. Kxh4 Re2 44. Kg3 1-0


[Site "https://www.chess.com"]